cohdb
Replays
Latest Replays
All Replays
Popular Replays
Top Player Replays
Match Explorer
How It Works
Community
CoH3 Stats
Reddit
Sign in to upload your games and track your stats! →
Sign in with Steam
Match 43766126
Unlisted
Match 43766126
Overview
Messages
Build Orders
End
Construct Infanterie Kompanie
MG 42 Machine Gun Team
Grenadier Squad
Selects Terror Battlegroup
Selects Machine Gun Camouflage
Grenadier Squad
Selects Contempt for the Weak
Grenadier Squad
Construct Luftwaffe Kompanie
Jäger Squad
Jäger Squad
Luftwaffe Officer Quarters
Selects Defend the Fatherland
Support Elements
Jäger Squad
Zerg6412
Engine1000
simranjitsingh713
Peppered Angus
coreygaries837
Purple Cross
0
0
Comments
sign in to comment!
No comments posted yet!